Map: Eternal Empire LE

Players

Ziggy

  • Race: Terran Terran
  • League: Grandmaster
  • Spawn Location: 1:00

Geralt (Gerald) - Winner!

  • Race: Protoss Protoss
  • League: Grandmaster
  • Spawn Location: 7:00

Event: DreamHack SC2 Masters 2020 Summer Europe

VOD

Have the link to the VOD?

Description

Time

  • Played on: June 26, 2020, 10:23 a.m.
  • Length: 20:57

All games in this series

Show
View Real Time Build Order
Export as new Build Order

Ziggy Terran 

Build Orders: Gas First Reaper Expand, Mech, Banshee Rush 

Get SALT Encoding   

  12  0:00  SCV  
  13  0:12  SCV  
  14  0:17  Supply Depot  
  14  0:25  SCV  
  14  0:27  Refinery  
  15  0:39  SCV  
  16  0:44  Barracks  
  16  0:51  SCV  
  17  1:03  SCV  
  18  1:15  SCV  
  19  1:31  Orbital Command, Reaper  
  20  1:46  Command Center  
  20  1:57  SCV  
  21  2:02  Factory  
  21  2:05  Barracks Reactor  
  21  2:09  SCV  
  21  2:14  Supply Depot  
  22  2:21  SCV  
  23  2:27  Refinery  
  23  2:36  SCV  
  24  2:47  Starport  
  24  2:48  SCV  
  29  2:51  Hellion x2  
  28  3:01  SCV  
  33  3:12  Orbital Command  
  33  3:13  Hellion x2  
  33  3:18  SCV  
  34  3:23  Starport Tech Lab  
  34  3:29  Supply Depot  
  34  3:30  SCV  
  35  3:38  Marine x2  
  35  3:39  SCV  
  38  3:42  Cloaking Field, SCV  
  38  3:46  Banshee  
  42  3:50  Factory Tech Lab  
  42  3:52  SCV  
  42  3:54  SCV  
  44  3:58  Supply Depot  
  44  4:01  Marine  
  44  4:02  Marine  
  46  4:04  SCV  
  46  4:12  Siege Tank, SCV  
  46  4:16  SCV  
  51  4:21  Bunker  
  51  4:22  Supply Depot  
  51  4:24  SCV  
  51  4:29  Marine, Banshee  
  51  4:30  Marine  
  57  4:32  SCV  
  57  4:38  SCV  
  59  4:44  Siege Tank, SCV  
  63  4:50  SCV  
  64  4:55  Command Center  
  64  4:57  SCV  
  63  5:01  Marine x2  
  63  5:04  Refinery  
  65  5:07  Supply Depot  
  65  5:08  SCV  
  64  5:15  Banshee  
  64  5:16  SCV  
  66  5:23  Siege Tank, SCV  
  66  5:25  Refinery  
  70  5:29  SCV  
  70  5:32  Marine x2  
  70  5:35  Supply Depot, SCV  
  74  5:40  Engineering Bay  
  74  5:41  SCV  
  74  5:42  Supply Depot  
  75  5:47  Hyperflight Rotors, SCV  
  76  5:50  Marine x2  
  76  5:56  Supply Depot  
  78  5:57  SCV  
  78  5:59  Siege Tank, SCV  
  83  6:07  Supply Depot, Orbital Command  
  83  6:09  SCV  
  84  6:11  SCV  
  84  6:12  Banshee  
  88  6:21  SCV  
  88  6:23  Missile Turret  
  88  6:24  Missile Turret  
  87  6:27  Factory  
  87  6:28  Marine  
  87  6:29  SCV  
  87  6:31  Siege Tank  
  92  6:35  SCV  
  93  6:41  SCV  
  93  6:43  SCV  
  93  6:46  Supply Depot  
  95  6:48  Missile Turret  
  95  6:49  Missile Turret  
  95  6:50  SCV  
  96  6:54  Banshee  
  96  6:56  Factory  
  96  6:59  SCV  
  96  7:00  Missile Turret  
  100  7:04  Orbital Command, SCV  
  100  7:06  Siege Tank  
  104  7:10  Refinery  
  104  7:11  SCV  
  104  7:13  Refinery  
  105  7:18  Supply Depot  
  105  7:19  Supply Depot  
  105  7:20  Supply Depot, SCV  
  107  7:23  Hellion x2  
  107  7:24  SCV  
  108  7:33  SCV  
  108  7:35  SCV  
  108  7:36  Armory x2  
  110  7:39  Banshee  
  110  7:41  Siege Tank, Factory Tech Lab  
  110  7:43  SCV  
  117  7:46  SCV  
  117  7:47  SCV  
  119  7:55  SCV  
  119  7:57  Supply Depot x2  
  120  7:59  Hellion x2  
  120  8:00  Siege Tank  
  120  8:02  SCV x2  
  129  8:08  SCV  
  129  8:09  Supply Depot  
  130  8:14  SCV  
  130  8:18  Factory  
  130  8:19  Factory  
  131  8:21  SCV  
  131  8:22  Banshee  
  132  8:27  Supply Depot  
  132  8:28  Supply Depot  
  132  8:29  Supply Depot  
  132  8:31  Siege Tank, Supply Depot  
  132  8:32  Widow Mine x2  
  132  8:33  Siege Tank  
  139  8:35  SCV  
  140  8:45  SCV  
  140  8:46  SCV  
  140  8:47  Terran Vehicle Weapons Level 1, Terran Vehicle And Ship Armor Level 1  
  142  8:53  Command Center  
  142  8:56  Missile Turret  
  142  8:58  Missile Turret x2  
  142  9:01  Widow Mine x2  
  142  9:02  Factory Tech Lab  
  146  9:03  Factory Tech Lab  
  146  9:06  Banshee  
  149  9:13  Missile Turret  
  149  9:15  Missile Turret  
  149  9:16  SCV x2  
  149  9:17  SCV  
  132  9:24  Siege Tank x2  
  132  9:28  SCV  
  132  9:29  SCV x2  
  132  9:30  Siege Tank  
  144  9:35  Siege Tank  
  147  9:40  SCV  
  147  9:41  SCV, Drilling Claws  
  147  9:42  Widow Mine x2  
  153  9:48  SCV  
  153  9:50  Sensor Tower, Banshee  
  157  9:53  SCV  
  158  10:00  Factory, SCV  
  158  10:01  Factory  
  158  10:05  Siege Tank  
  162  10:14  SCV  
  162  10:15  SCV  
  162  10:19  Hellion  
  162  10:20  Widow Mine  
  168  10:23  Missile Turret x2  
  168  10:24  Unknown  
  168  10:25  SCV  
  167  10:34  SCV x2  
  168  10:40  SCV  
  169  10:46  SCV  
  170  10:53  Siege Tank x2  
  170  10:54  Siege Tank, Factory Reactor, Factory Tech Lab  
  173  11:05  SCV  
  173  11:09  SCV  
  175  11:13  Siege Tank x2  
  175  11:15  SCV  
  175  11:17  SCV  
  183  11:19  Hellion  
  183  11:20  Terran Vehicle Weapons Level 2, Hellion  
  183  11:25  Siege Tank x2, Missile Turret  
  193  11:26  Missile Turret  
  193  11:30  Missile Turret  
  193  11:35  Supply Depot, Planetary Fortress  
  190  11:41  Hellion x2  
  190  11:42  Terran Vehicle And Ship Armor Level 2  
  194  11:49  Sensor Tower, SCV x2  
  194  11:53  SCV  
  194  11:54  Unknown  
  197  12:01  SCV  
  198  12:08  SCV x2  
  200  12:19  Smart Servos  
  200  12:20  Infernal Pre-Igniter, Command Center  
  188  12:34  Thor  
  187  12:40  Thor x2  
  193  12:48  Thor  
  186  12:52  Hellion x3  
  186  12:53  Hellion, Thor  
  164  12:58  Banshee  
  146  13:14  Hellion x2  
  146  13:17  Thor  
  156  13:22  Refinery  
  156  13:23  Thor x2  
  156  13:26  Refinery  
  164  13:37  Missile Turret  
  164  13:38  Missile Turret  
  164  13:39  Thor x2  
  164  13:40  Missile Turret  
  128  13:57  Hellion x4  
  128  14:00  Thor  
  128  14:01  SCV  
  128  14:02  SCV x3  
  143  14:06  Hellion  
  143  14:09  Command Center  
  145  14:12  Thor  
  145  14:20  SCV x2  
  145  14:22  SCV, Thor  
  154  14:26  Widow Mine x2  
  151  14:35  SCV x2  
  151  14:36  Planetary Fortress  
  152  14:41  Thor  
  158  14:46  Siege Tank  
  158  14:51  Widow Mine x2  
  165  14:57  Missile Turret  
  165  14:58  Sensor Tower, Widow Mine x2  
  169  15:00  Thor  
  175  15:12  Widow Mine  
  177  15:17  Thor  
  177  15:19  Widow Mine  
  185  15:24  Supply Depot  
  185  15:25  Supply Depot  
  185  15:29  Thor  
  190  15:43  Thor  
  190  15:47  Thor  
  190  15:49  Hellion x2  
  199  15:50  Hellion  
  199  15:59  SCV x3  
  199  16:00  SCV  
  199  16:11  SCV  
  199  16:16  Missile Turret  
  199  16:18  Missile Turret  
  200  16:25  Sensor Tower  
  196  16:30  Planetary Fortress  
  178  16:34  Thor  
  178  16:36  Missile Turret  
  178  16:37  Missile Turret  
  178  16:39  Siege Tank x2, Unknown, Missile Turret  
  170  16:41  Widow Mine x4  
  170  16:44  SCV x4  
  155  16:56  SCV x2  
  155  16:57  Siege Tank  
  155  17:00  SCV x2  
  162  17:10  Terran Vehicle Weapons Level 3  
  162  17:17  Terran Vehicle And Ship Armor Level 3  
  162  17:18  Hellion x2  
  166  17:31  Thor  
  166  17:34  Missile Turret  
  172  17:39  Missile Turret  
  172  17:40  Missile Turret  
  172  17:41  Command Center  
  172  17:43  Siege Tank x2  
  172  17:44  Siege Tank  
  181  17:45  Hellion  
  181  17:46  Hellion  
  181  17:49  Banshee  
  188  17:58  Thor  
  190  18:05  Orbital Command  
  190  18:16  Thor  
  196  18:23  Missile Turret  
  196  18:24  Unknown, Missile Turret x2  
  196  18:25  Thor x2  
  193  18:28  Hellion x4  
  190  18:40  Thor  
  196  18:45  Hellion  
  151  18:49  Hellion  
  151  18:50  Hellion x2  
  151  18:55  Banshee  
  130  18:59  SCV x2  
  130  19:01  SCV x2  
  132  19:11  SCV x2, Hellion x2  
  138  19:20  Thor  
  131  19:24  Thor  
  131  19:30  SCV  
Show
View Real Time Build Order
Export as new Build Order

Geralt Protoss - Winner!

Build Orders: 1 Gate Expand, Blink Stalkers, Carriers, Zealot Archon 

Get SALT Encoding   

  12  0:00  Probe  
  13  0:12  Probe  
  14  0:17  Pylon  
  14  0:23  Probe  
  15  0:31  Probe  
  16  0:37  Gateway  
  16  0:40  Probe  
  17  0:50  Assimilator  
  17  0:52  Probe  
  18  1:04  Probe  
  19  1:16  Probe  
  20  1:24  Cybernetics Core  
  20  1:28  Probe  
  21  1:37  Nexus  
  21  1:43  Pylon  
  21  1:46  Probe  
  22  1:50  Assimilator  
  22  1:52  Adept  
  22  1:58  Probe  
  23  2:03  Warp Gate  
  25  2:12  Stalker  
  25  2:13  Probe  
  28  2:26  Probe  
  28  2:33  Twilight Council  
  28  2:38  Probe  
  28  2:42  Blink  
  29  2:49  Stalker  
  29  2:50  Probe  
  32  2:56  Probe  
  33  3:02  Probe  
  34  3:08  Probe  
  35  3:14  Probe  
  36  3:20  Probe  
  36  3:25  Gateway  
  36  3:26  Probe  
  38  3:29  Gateway  
  38  3:32  Probe  
  39  3:38  Probe  
  40  3:41  Robotics Facility  
  40  3:44  Probe  
  41  3:51  Probe  
  41  3:53  Pylon  
  42  3:56  Stalker  
  42  3:57  Probe  
  45  4:03  Probe  
  45  4:06  Assimilator  
  46  4:11  Probe  
  46  4:15  Probe  
  48  4:22  Stalker x2  
  48  4:23  Probe, Pylon  
  53  4:27  Probe  
  54  4:38  Pylon  
  54  4:41  Probe x2  
  54  4:45  Stalker x3  
  61  4:49  Observer  
  61  4:53  Probe  
  61  4:56  Probe, Pylon  
  64  5:05  Probe  
  64  5:06  Nexus  
  65  5:08  Pylon  
  65  5:16  Probe  
  65  5:17  Observer  
  63  5:25  Probe  
  63  5:28  Probe  
  65  5:30  Charge  
  65  5:34  Templar Archives  
  65  5:35  Gateway  
  65  5:37  Gateway, Probe  
  65  5:39  Observer  
  65  5:42  Probe  
  68  5:45  Forge  
  68  5:49  Probe  
  69  5:50  Assimilator  
  69  5:54  Probe  
  70  5:58  Gateway  
  70  6:00  Gateway x2  
  70  6:03  Probe  
  71  6:09  Stalker  
  73  6:13  Probe  
  73  6:18  Probe  
  74  6:22  Probe  
  74  6:24  Protoss Ground Armor Level 1  
  75  6:25  Probe  
  75  6:26  Psionic Storm  
  75  6:30  Probe  
  77  6:34  Probe  
  77  6:36  Stalker  
  77  6:37  Stalker  
  77  6:38  Probe  
  82  6:42  High Templar  
  82  6:44  Probe  
  82  6:47  Shield Battery, Probe  
  86  6:50  Probe  
  87  6:55  Warp Prism  
  87  6:56  Probe  
  87  6:57  Observer  
  87  6:59  Probe  
  87  7:00  High Templar  
  92  7:02  Probe  
  92  7:06  Zealot x3  
  99  7:08  Probe  
  99  7:11  Assimilator, Probe  
  99  7:14  Assimilator  
  101  7:21  Pylon  
  101  7:22  Pylon  
  101  7:24  Pylon  
  101  7:31  Probe x2  
  101  7:36  Photon Cannon  
  101  7:38  Pylon  
  101  7:39  Pylon, Probe  
  101  7:42  Robotics Facility  
  101  7:43  Probe x2  
  104  7:44  Forge  
  104  7:48  High Templar x2  
  104  7:49  Zealot x4  
  116  7:52  Archon  
  116  7:54  Probe  
  116  7:58  Photon Cannon  
  117  8:01  Pylon  
  117  8:06  Nexus  
  117  8:15  Immortal, Protoss Ground Armor Level 2  
  117  8:17  Protoss Ground Weapons Level 1  
  119  8:33  Immortal  
  123  8:35  Probe  
  123  8:39  Probe x2  
  126  8:41  Robotics Bay  
  126  8:42  Shield Battery  
  126  8:45  Photon Cannon  
  126  8:47  Shield Battery, Probe  
  127  8:49  Shield Battery  
  127  8:51  Probe x2  
  127  8:52  Unknown  
  127  8:54  Shield Battery  
  129  8:59  Probe  
  130  9:03  Probe x2  
  130  9:05  Immortal, Pylon  
  132  9:11  Probe  
  133  9:19  High Templar x6  
  133  9:20  Gravitic Drive  
  133  9:22  Observer  
  145  9:27  Pylon  
  145  9:29  Probe x2  
  145  9:30  Nexus, Pylon  
  147  9:45  Stalker x2  
  151  9:49  Stargate x2  
  151  9:53  Probe x2  
  153  10:00  Stalker x3  
  153  10:05  Pylon  
  158  10:07  Photon Cannon  
  158  10:09  Gravitic Boosters  
  158  10:10  Assimilator  
  158  10:12  Colossus  
  170  10:14  Assimilator  
  170  10:16  Immortal  
  168  10:25  Observer  
  168  10:31  Pylon  
  168  10:32  Pylon  
  168  10:40  Zealot  
  168  10:41  Zealot x7  
  180  10:55  Immortal  
  162  11:06  Immortal  
  162  11:07  Probe  
  162  11:08  Probe x2  
  162  11:10  Fleet Beacon  
  165  11:11  High Templar x4  
  165  11:12  Probe x2  
  165  11:16  Photon Cannon  
  165  11:17  Protoss Ground Armor Level 3  
  165  11:18  Shield Battery  
  175  11:24  Observer, Protoss Ground Weapons Level 2  
  173  11:35  Immortal  
  162  11:48  Gateway x2  
  162  11:50  Gateway  
  162  11:52  Gateway  
  162  11:53  Immortal, Carrier x2  
  166  11:55  High Templar x4  
  186  12:05  Gateway x2  
  186  12:09  Pylon  
  186  12:10  Photon Cannon  
  186  12:19  Warp Prism  
  188  12:24  Nexus  
  188  12:27  Pylon  
  188  12:28  Zealot x7  
  188  12:29  Assimilator  
  198  12:34  Assimilator  
  198  12:37  Archon x2  
  194  12:39  Observer  
  194  12:40  Zealot  
  176  12:57  Stalker x9  
  176  12:58  Stalker x2  
  180  13:03  Carrier  
  158  13:09  Warp Prism  
  166  13:30  Zealot x7  
  166  13:31  Zealot x4  
  150  13:53  Immortal  
  150  13:55  Protoss Ground Weapons Level 3  
  150  13:58  Protoss Air Weapons Level 1, High Templar x7, Zealot x2  
  150  13:59  Zealot x5  
  174  14:12  Protoss Shields Level 1  
  172  14:21  Probe  
  172  14:22  Probe  
  166  14:28  Probe  
  167  14:33  Carrier, High Templar x2  
  167  14:34  High Templar x7  
  185  14:41  Archon x4  
  190  14:53  Stalker x2  
  190  14:54  Stalker x3  
  200  15:11  Photon Cannon  
  200  15:15  Photon Cannon, Shield Battery  
  200  15:26  Cybernetics Core  
  196  15:33  Dark Shrine  
  196  15:34  Observer  
  197  15:37  Warp Prism  
  179  15:55  Immortal  
  179  16:04  Observer  
  179  16:14  Immortal  
  179  16:15  Zealot x9  
  193  16:37  Archon  
  174  16:41  Immortal  
  174  16:44  Archon  
  174  16:46  Protoss Shields Level 2  
  148  16:48  Protoss Air Armor Level 1  
  148  16:49  Carrier x2  
  142  16:55  Shadow Stride  
  142  17:02  Protoss Air Weapons Level 2  
  142  17:03  Immortal  
  146  17:12  High Templar x4  
  154  17:16  Dark Templar x9  
  154  17:18  Immortal  
  154  17:19  Dark Templar  
  178  17:33  Immortal  
  178  17:40  Nexus  
  178  17:41  Pylon  
  178  17:43  Unknown  
  182  17:52  Zealot x9  
  198  18:06  Archon  
  198  18:07  Observer  
  199  18:15  Photon Cannon  
  199  18:16  Photon Cannon  
  199  18:18  Photon Cannon  
  199  18:20  Shield Battery  
  199  18:21  Shield Battery  
  199  18:23  Shield Battery  
  185  18:33  Archon  
  183  18:35  Immortal x2  
  183  18:38  Dark Templar  
  183  18:39  Dark Templar x7  
  169  19:08  Zealot x6  
  179  19:14  Immortal  
  176  19:28  Immortal  
  154  19:53  Immortal  
Tags
 
Add a new tag
Caveats
  • Supply blocks, unpowered buildings, or Contaminate may cause inaccurate times.
  • Supply counts are checked every 10 seconds.